AoeStats
← Ysuixin

Arena

510039806Analyzed
1v1 RM · 1d ago on Sep 29, 2026· 39m 46s· 2 players
Game mode
Random Map
Map size
Tiny (2 player)
Population
200
Speed
Normal
Resources
Standard
Victory
Conquest
Starting age
Dark Age
Ending age
Imperial Age
RankedLock teamsTeams togetherTeam positionsShared explorationLock speedFull tech treeHidden civsTurbo modeCheats
Victory
Defeat
🇨🇳 Turks · China
990
+15
🇺🇸 Berbers · United States
972
-15
jacobjazzcat1
10:02 Feudal Age
11:11 Loom
14:07 Castle Age
14:31 Double-Bit Axe
14:56 Double-Bit Axe
26:25 Squires
26:55 Fletching
27:06 Padded Archer Armor
27:27 Devotion
29:48 Wheelbarrow
28:59 Town Watch
32:54 Imperial Age
31:22 Leather Archer Armor
31:13 Bodkin Arrow
33:06 Elite Camel Archer
33:53 Onager
36:57 Husbandry
38:31 Pikeman
Ysuixin
11:05 Feudal Age
12:12 Double-Bit Axe
12:10 Horse Collar
16:30 Castle Age
15:11 Scale Barding Armor
16:10 Forging
18:14 Bow Saw
18:53 Loom
22:18 Fletching
25:49 Wheelbarrow
25:16 Gold Mining
25:29 Heavy Plow
30:34 Imperial Age
28:31 Bodkin Arrow
30:19 Bloodlines
30:35 Chain Barding Armor
31:19 Gold Shaft Mining
30:58 Husbandry
31:03 Stone Mining
33:36 Plate Barding Armor
35:25 Town Watch
36:43 Hand Cart
38:42 Iron Casting
37:33 Heavy Camel Rider
Connection lost

Rejoining the realm…

Still unreachable

The connection could not be restored.

Session expired

The server has moved on; the page needs a fresh start.